Map: Dusty Gorge

Players

BUSTER

  • Race: Zerg Zerg
  • Spawn Location: 5:00

Spartacus

  • Race: Terran Terran
  • League: Diamond
  • Spawn Location: 3:00

OpuS

  • Race: Protoss Protoss
  • League: Diamond
  • Spawn Location: 11:00

Sketchaphone

  • Race: Zerg Zerg
  • League: Platinum
  • Spawn Location: 9:00

VOD

Have the link to the VOD?

Description

Time

  • Played on: March 3, 2019, 9:14 p.m.
  • Length: 11:04
Show
View Real Time Build Order
Export as new Build Order

BUSTER Zerg 

Build Orders: Hatch First, Roach Hydra 

Get SALT Encoding   

  12  0:03  Drone  
  13  0:13  Overlord  
  13  0:18  Drone  
  14  0:31  Drone x2  
  16  0:36  Drone  
  17  0:54  Hatchery  
  16  1:02  Drone x2  
  18  1:05  Extractor  
  17  1:17  Spawning Pool  
  16  1:20  Drone  
  17  1:28  Drone  
  17  1:31  Drone  
  19  1:41  Overlord  
  19  1:51  Drone  
  20  2:05  Queen  
  20  2:06  Queen  
  24  2:08  Metabolic Boost  
  24  2:15  Evolution Chamber, Drone  
  24  2:19  Drone  
  25  2:29  Drone x3  
  28  2:49  Zerg Missile Weapons Level 1  
  28  2:51  Drone x3  
  30  2:53  Evolution Chamber  
  30  2:55  Drone  
  31  3:00  Overlord  
  31  3:11  Drone  
  31  3:12  Drone x2  
  34  3:19  Overlord  
  34  3:24  Drone x2  
  34  3:25  Drone x2  
  38  3:39  Zerg Ground Armor Level 1  
  38  3:40  Zergling x2  
  39  3:46  Roach Warren  
  38  3:50  Extractor  
  38  3:51  Drone x3, Extractor  
  38  3:53  Drone x2  
  38  3:54  Drone  
  42  3:59  Drone x2  
  44  4:14  Drone x4  
  48  4:21  Overlord x3  
  48  4:29  Lair  
  48  4:31  Roach  
  48  4:32  Roach  
  48  4:37  Overlord  
  52  4:42  Roach  
  52  4:43  Roach  
  56  4:46  Pneumatized Carapace  
  56  4:49  Roach x2  
  60  4:55  Roach x2  
  60  4:56  Roach  
  66  5:02  Overlord  
  66  5:05  Roach x2  
  70  5:29  Hydralisk Den  
  70  5:34  Extractor  
  68  5:36  Hatchery  
  68  5:38  Drone x11  
  78  5:48  Zerg Missile Weapons Level 2  
  78  5:51  Overlord  
  78  5:58  Drone  
  78  6:00  Drone x3  
  78  6:02  Spore Crawler  
  81  6:08  Spore Crawler  
  81  6:09  Spore Crawler  
  79  6:12  Drone x2  
  79  6:14  Grooved Spines  
  81  6:19  Zerg Ground Armor Level 2  
  81  6:23  Hydralisk  
  83  6:32  Glial Reconstitution  
  83  6:39  Drone x5  
  88  6:40  Extractor  
  88  6:41  Extractor  
  88  6:46  Hydralisk x2  
  90  6:53  Queen  
  92  6:57  Queen  
  92  7:00  Drone  
  95  7:02  Drone  
  95  7:03  Drone x2  
  95  7:04  Overlord  
  98  7:13  Overlord x2  
  98  7:25  Muscular Augments, Hydralisk x4  
  106  7:33  Drone x2  
  106  7:34  Hydralisk x3  
  106  7:35  Hydralisk x2  
  118  7:41  Overseer x2  
  118  7:54  Hydralisk x2  
  110  8:05  Hydralisk  
  110  8:06  Hydralisk x5  
  110  8:09  Overlord x2  
  122  8:23  Overlord x3  
  122  8:26  Hatchery  
  121  8:36  Hydralisk  
  121  8:37  Hydralisk x3  
  129  8:45  Hydralisk x2  
  133  8:59  Hydralisk x4  
  133  9:00  Hydralisk  
  140  9:20  Hydralisk  
  140  9:21  Hydralisk x5  
  112  10:02  Roach x7  
  112  10:03  Roach x5  
  132  10:36  Roach  
  132  10:37  Roach x7  
  148  10:45  Infestation Pit  
  148  10:47  Drone x8  
Show
View Real Time Build Order
Export as new Build Order

Spartacus Terran 

Build Orders: Banshee Rush 

Get SALT Encoding   

  12  0:00  SCV  
  13  0:12  SCV  
  14  0:18  Supply Depot  
  14  0:25  Refinery  
  14  0:29  SCV  
  15  0:41  SCV  
  16  0:48  Barracks  
  16  0:53  SCV  
  17  1:05  SCV  
  18  1:17  SCV  
  19  1:29  SCV  
  20  1:38  Factory  
  20  1:47  Barracks Reactor  
  20  1:50  Supply Depot  
  20  2:05  Orbital Command  
  20  2:18  Refinery  
  20  2:25  Marine x2  
  22  2:31  SCV  
  22  2:34  Factory Tech Lab  
  23  2:40  Starport  
  23  2:43  SCV  
  24  2:44  Marine x2  
  26  2:56  Supply Depot, SCV  
  27  3:02  Marine x2  
  29  3:10  SCV  
  30  3:23  Banshee, Cloaking Field  
  30  3:24  SCV  
  34  3:36  Command Center  
  34  3:40  SCV  
  35  3:47  Supply Depot  
  35  3:50  Factory Tech Lab  
  35  3:52  SCV  
  35  3:53  Marine  
  37  3:59  Marine  
  38  4:05  SCV  
  38  4:09  Banshee  
  42  4:15  Marine  
  43  4:23  SCV  
  44  4:24  Barracks  
  44  4:30  Factory Reactor  
  44  4:35  Barracks, SCV  
  45  4:45  Marine x2  
  47  4:48  SCV  
  48  5:02  Marine  
  48  5:03  Marine, SCV  
  51  5:12  Stimpack  
  51  5:17  SCV  
  51  5:18  Orbital Command  
  52  5:29  SCV  
  52  5:30  Engineering Bay  
  52  5:32  Engineering Bay  
  53  5:36  Marine x2  
  53  5:41  SCV  
  56  5:45  SCV  
  56  5:49  Supply Depot  
  57  5:53  SCV  
  58  5:57  SCV  
  59  6:05  SCV  
  59  6:08  Marine  
  59  6:09  Marine  
  59  6:10  Marine x3, SCV  
  66  6:17  SCV  
  64  6:21  Terran Infantry Weapons Level 1  
  64  6:22  Terran Infantry Armor Level 1, SCV  
  64  6:23  Missile Turret, Starport Reactor  
  65  6:26  Marine  
  65  6:29  Missile Turret  
  65  6:30  Refinery  
  65  6:32  Refinery  
  66  6:35  Factory Reactor  
  66  6:38  Marine x2  
  68  6:43  SCV  
  68  6:44  SCV  
  70  6:57  Armory  
  70  6:59  Missile Turret  
  70  7:03  Supply Depot  
  70  7:05  Supply Depot  
  70  7:07  Marine x5, Supply Depot  
  75  7:09  Medivac  
  75  7:11  Medivac  
  75  7:13  Combat Shield  
  75  7:14  SCV x2  
  78  7:25  Marine x2  
  78  7:27  Widow Mine  
  78  7:29  SCV  
  83  7:35  Marine, SCV  
  83  7:36  Marine  
  88  7:37  Widow Mine, Command Center  
  88  7:39  Medivac  
  88  7:41  Medivac  
  92  7:55  SCV x2  
  92  7:56  Marine  
  92  7:57  Marine x2  
  97  8:08  Missile Turret  
  97  8:10  Missile Turret  
  97  8:14  Marine x4  
  97  8:19  Barracks x2  
  101  8:25  Supply Depot  
  101  8:26  Supply Depot  
  101  8:28  Marine  
  101  8:29  Missile Turret  
  102  8:39  Marine x2  
  102  8:42  Marine x2  
  102  8:43  Widow Mine x2  
  102  8:46  Marine  
  72  8:57  Marine x2  
  72  8:59  Orbital Command  
  72  9:00  Marine  
  75  9:04  Widow Mine  
  75  9:05  Marine x2, Widow Mine  
  75  9:07  Barracks Reactor  
  75  9:08  Barracks Tech Lab  
  80  9:15  Medivac x2  
  84  9:21  Marine x3  
  84  9:22  SCV  
  84  9:23  Marine  
  89  9:24  Factory  
  88  9:46  Marine  
  88  9:47  Marine x7  
  88  9:49  Medivac x2  
  88  9:51  Widow Mine x2  
  104  10:03  SCV  
  104  10:04  Marine x3, SCV x2  
  104  10:05  Marine x2  
  106  10:12  Widow Mine x2  
  107  10:16  SCV x2  
  102  10:24  Marine x3  
  102  10:25  Marine x5  
  109  10:31  Medivac x2  
  113  10:40  Factory Tech Lab  
  113  10:42  Marine x4  
  111  10:43  Marine x3, SCV x3  
  111  10:47  Refinery  
  111  10:49  Refinery  
  120  10:50  Supply Depot  
  120  10:51  Supply Depot  
Show
View Real Time Build Order
Export as new Build Order

OpuS Protoss 

Build Orders: Forge Fast Expand (FFE) 

Get SALT Encoding   

  12  0:01  Probe  
  13  0:13  Probe  
  14  0:21  Pylon  
  14  0:25  Probe  
  15  0:39  Probe  
  16  0:43  Forge  
  16  0:53  Probe  
  17  1:17  Nexus  
  17  1:25  Probe  
  18  1:34  Probe, Gateway  
  19  1:41  Assimilator  
  19  1:42  Probe  
  19  1:45  Assimilator  
  20  1:53  Probe  
  21  2:05  Probe  
  22  2:14  Photon Cannon  
  22  2:16  Pylon  
  22  2:17  Probe  
  22  2:25  Cybernetics Core  
  22  2:30  Pylon  
  22  2:32  Probe  
  22  2:35  Probe  
  24  2:47  Photon Cannon  
  24  2:50  Probe  
  25  2:53  Probe  
  26  3:09  Stargate  
  26  3:10  Probe  
  26  3:11  Probe  
  28  3:19  Stargate  
  28  3:23  Probe  
  28  3:25  Probe  
  30  3:31  Pylon  
  30  3:35  Probe  
  30  3:37  Probe  
  32  3:42  Void Ray  
  32  3:47  Probe  
  33  3:49  Probe  
  38  4:03  Photon Cannon  
  38  4:09  Void Ray  
  38  4:11  Probe  
  38  4:13  Probe  
  44  4:23  Photon Cannon  
  44  4:29  Robotics Facility  
  44  4:31  Assimilator  
  44  4:36  Assimilator  
  44  4:42  Photon Cannon  
  44  4:46  Pylon  
  44  4:48  Pylon  
  44  4:51  Probe x2  
  46  4:58  Photon Cannon  
  46  5:02  Void Ray  
  50  5:10  Probe x2  
  52  5:15  Observer  
  52  5:18  Photon Cannon  
  52  5:22  Probe x2  
  52  5:23  Void Ray  
  55  5:34  Probe x2  
  61  5:38  Void Ray  
  61  5:46  Probe x2  
  67  5:54  Pylon  
  67  5:55  Pylon  
  67  6:09  Fleet Beacon  
  67  6:19  Void Ray  
  71  6:29  Void Ray  
  75  6:34  Protoss Air Weapons Level 1  
  75  6:38  Forge  
  75  6:50  Nexus  
  75  6:51  Pylon  
  75  6:52  Stargate  
  75  6:59  Pylon  
  75  7:06  Observer  
  75  7:15  Void Ray  
  79  7:37  Twilight Council  
  79  7:40  Pylon  
  79  7:44  Gateway  
  79  7:45  Gateway, Void Ray  
  83  7:51  Probe x2, Gateway  
  85  8:07  Void Ray  
  89  8:18  Carrier  
  81  9:21  Gateway  
  81  9:23  Gateway  
  77  9:24  Gateway  
  77  9:26  Gateway  
Show
View Real Time Build Order
Export as new Build Order

Sketchaphone Zerg 

Build Orders: Hatch First 

Get SALT Encoding   

  12  0:01  Drone  
  13  0:13  Overlord  
  13  0:18  Drone  
  14  0:33  Drone  
  14  0:34  Drone  
  16  0:56  Hatchery  
  15  0:59  Drone  
  15  1:02  Drone  
  17  1:04  Extractor  
  17  1:06  Drone  
  17  1:25  Spawning Pool  
  17  1:28  Drone  
  17  1:32  Drone  
  18  1:38  Drone  
  19  1:53  Overlord, Drone  
  20  2:13  Spine Crawler  
  20  2:15  Queen  
  21  2:34  Evolution Chamber  
  20  2:39  Drone  
  20  2:42  Queen  
  20  2:43  Metabolic Boost  
  23  2:45  Extractor  
  22  3:03  Drone  
  22  3:04  Drone  
  24  3:15  Spine Crawler, Hatchery  
  22  3:20  Overlord  
  22  3:34  Lair  
  22  3:48  Drone x2  
  23  3:54  Drone x3  
  23  3:55  Drone  
  28  4:09  Spine Crawler  
  27  4:11  Drone  
  28  4:20  Spore Crawler  
  27  4:37  Spire  
  26  4:43  Drone x4  
  30  4:46  Drone  
  30  4:49  Drone  
  32  4:53  Drone  
  31  5:08  Overlord  
  31  5:10  Overseer  
  30  5:17  Drone  
  30  5:18  Spore Crawler, Drone x2  
  30  5:20  Drone  
  33  5:23  Drone  
  34  5:32  Drone x3  
  37  5:38  Drone  
  37  5:39  Drone  
  39  5:44  Drone  
  39  5:47  Drone  
  39  5:49  Drone  
  39  6:10  Drone x10  
  48  6:14  Mutalisk  
  49  6:19  Drone  
  49  6:20  Drone  
  49  6:21  Drone  
  49  6:24  Extractor  
  49  6:25  Drone  
  52  6:27  Extractor  
  51  6:42  Mutalisk  
  51  6:43  Mutalisk x2  
  51  6:45  Overlord  
  58  6:47  Drone, Zerg Flyer Weapons Level 1  
  58  7:03  Queen, Mutalisk x3  
  58  7:05  Overlord x2  
  66  7:20  Overlord  
  66  7:24  Zergling x2  
  66  7:25  Zergling x2  
  66  7:26  Zerg Melee Weapons Level 1, Mutalisk x2  
  72  7:36  Mutalisk  
  74  7:53  Mutalisk x2  
  73  8:25  Infestation Pit, Zergling x2  
  73  8:26  Zergling x18  
  82  8:27  Overlord x2  
  82  8:28  Overlord x2  
  59  9:00  Infestor  
  59  9:01  Infestor x2  
  59  9:02  Pathogen Glands  
  65  9:03  Zergling x18  
  74  9:11  Mutalisk  
  78  9:24  Zergling x8  
  78  9:30  Zergling x8, Hatchery  
  80  9:40  Zergling x4  
  75  9:46  Zergling x6  
  73  9:57  Zergling x4  
  73  9:59  Mutalisk  
  60  10:25  Overlord  
  60  10:27  Mutalisk x12  
  76  10:36  Spawning Pool  
Tags
 
Add a new tag
Caveats
  • Supply blocks, unpowered buildings, or Contaminate may cause inaccurate times.
  • Supply counts are checked every 10 seconds.